Map: Winter Madness LE

Players

Maru

  • Race: Terran Terran

Reynor - Winner!

  • Race: Zerg Zerg

VOD

Have the link to the VOD?

Description

Time

  • Played on: Jan. 17, 2026, 5:05 a.m.
  • Length: 12:52
Show
View Real Time Build Order
Export as new Build Order

Maru Terran 

Build Orders: Reaper Expand 

Get SALT Encoding   

  12  0:00  SCV  
  13  0:12  SCV  
  14  0:17  Supply Depot  
  14  0:24  SCV  
  15  0:39  SCV  
  15  0:41  Barracks  
  16  0:42  Refinery  
  16  0:51  SCV  
  17  1:03  SCV  
  18  1:15  SCV  
  19  1:27  Orbital Command  
  19  1:28  Reaper  
  20  1:37  Command Center  
  20  1:48  Supply Depot  
  20  1:53  SCV  
  21  2:00  Marine  
  22  2:05  SCV  
  23  2:17  SCV  
  23  2:18  Command Center  
  24  2:23  Barracks Reactor  
  24  2:29  SCV  
  25  2:32  Barracks  
  25  2:41  SCV  
  26  2:49  Orbital Command  
  26  2:53  SCV  
  26  2:55  Barracks  
  27  2:59  Marine  
  27  3:00  Marine  
  29  3:05  SCV  
  29  3:10  Engineering Bay  
  29  3:12  Engineering Bay  
  30  3:15  SCV  
  30  3:17  SCV  
  32  3:22  Marine x2, Barracks Tech Lab  
  34  3:29  SCV  
  34  3:30  SCV  
  34  3:31  Orbital Command  
  36  3:39  Terran Infantry Weapons Level 1, Terran Infantry Armor Level 1  
  36  3:41  SCV  
  36  3:44  Marine x2  
  36  3:45  Marine  
  40  3:49  Refinery  
  40  3:51  SCV  
  40  3:53  Marine, SCV  
  40  3:55  Orbital Command  
  43  3:59  Supply Depot  
  43  4:03  SCV, Marine x2  
  43  4:05  Stimpack  
  43  4:07  SCV  
  43  4:09  Refinery  
  47  4:15  SCV, Barracks Tech Lab  
  48  4:18  Marine  
  48  4:19  SCV  
  48  4:21  Marine x2, SCV  
  53  4:24  Supply Depot  
  53  4:27  SCV  
  54  4:31  SCV  
  54  4:33  SCV  
  54  4:36  Marine  
  57  4:38  Marine  
  57  4:39  Factory, SCV  
  57  4:41  Refinery  
  57  4:44  SCV, Marine x2  
  62  4:46  SCV  
  62  4:47  Supply Depot  
  62  4:51  SCV, Combat Shield  
  64  4:56  SCV  
  64  4:58  SCV  
  66  5:00  Marine x2  
  66  5:03  SCV  
  66  5:05  Barracks  
  66  5:06  Barracks  
  69  5:08  SCV  
  69  5:10  SCV  
  70  5:15  SCV  
  70  5:18  Supply Depot  
  70  5:20  SCV  
  72  5:22  SCV, Armory  
  72  5:23  Factory Reactor, Starport  
  72  5:27  Supply Depot, SCV  
  74  5:32  SCV, Marine  
  74  5:33  Marine x3  
  79  5:36  SCV  
  79  5:39  Supply Depot  
  79  5:41  Supply Depot  
  80  5:45  SCV  
  80  5:46  SCV  
  80  5:48  SCV  
  83  5:50  Marine  
  83  5:54  Barracks Reactor x2  
  83  5:55  Barracks  
  84  5:57  Barracks  
  84  5:58  SCV, Barracks  
  84  5:59  SCV  
  84  6:00  SCV  
  87  6:04  Supply Depot  
  87  6:06  Factory Reactor, Medivac x2  
  87  6:09  Terran Infantry Weapons Level 2  
  87  6:10  Terran Infantry Armor Level 2  
  91  6:14  SCV x3  
  91  6:15  Supply Depot  
  94  6:20  Marauder x2  
  94  6:22  Marine x2  
  100  6:26  SCV  
  100  6:28  Supply Depot  
  100  6:29  Supply Depot  
  100  6:32  Marine x4  
  103  6:39  Medivac x2  
  109  6:40  Marine  
  109  6:43  Marine, Widow Mine x2  
  109  6:45  Barracks Tech Lab x2  
  109  6:46  Barracks Reactor  
  115  6:48  Marine  
  115  6:49  Marauder  
  115  6:52  Refinery  
  118  6:54  Marine  
  118  6:58  Marine x2  
  121  7:03  Marine x2  
  121  7:04  Marauder  
  121  7:05  Marauder  
  121  7:07  Marauder  
  128  7:09  Hellbat  
  128  7:10  Marauder, Hellbat, Supply Depot  
  134  7:16  Medivac  
  134  7:21  Marine  
  134  7:22  Marine x2  
  139  7:25  Marauder  
  139  7:26  Marauder  
  139  7:28  Marauder  
  139  7:29  Supply Depot  
  145  7:31  Supply Depot  
  145  7:34  Hellbat x2  
  149  7:39  Medivac, Marine  
  149  7:40  Marine, Marauder  
  149  7:43  Marine  
  150  7:46  Medivac, Marauder  
  150  7:51  Supply Depot  
  154  7:53  Marine x3, Marauder x2  
  154  7:57  Hellbat  
  163  7:59  Hellbat  
  165  8:06  Marine  
  165  8:07  Marine x3, Marauder  
  165  8:08  Marauder  
  165  8:09  Marine  
  165  8:11  Marine  
  169  8:15  Marauder x2  
  169  8:18  Supply Depot  
  169  8:19  Medivac  
  174  8:20  Medivac  
  176  8:28  Terran Infantry Weapons Level 3  
  176  8:29  Terran Infantry Armor Level 3  
  174  8:39  Hellbat x2  
  174  8:40  Marauder  
  180  8:51  Marine x4  
  180  8:52  Marauder x3  
  180  8:55  Marine x2  
  163  8:58  Marine  
  163  9:00  Medivac  
  163  9:01  Marauder  
  167  9:08  Marine, Widow Mine x2  
  167  9:09  Marine  
  173  9:13  Marauder x3  
  173  9:15  Marine  
  180  9:21  Supply Depot x2  
  180  9:22  Marauder  
  182  9:29  Widow Mine x2  
  186  9:32  Concussive Shells, Marine x2  
  186  9:33  Marine  
  189  9:42  Medivac x2  
  189  9:43  Marauder x3  
  191  10:04  Marauder x2, Orbital Command  
  191  10:05  Marine x2  
  191  10:06  Marine, Marauder x2  
  197  10:20  Marine x3  
  200  10:27  Sensor Tower  
  200  10:29  Sensor Tower  
  200  10:38  Command Center  
  176  10:44  Marauder x2, Marine  
  176  10:45  Marauder x2, Marine x7  
  190  10:55  Widow Mine x2  
  194  11:00  Command Center  
  194  11:02  Marine  
  194  11:03  Marine x4  
  199  11:14  Command Center  
  199  11:30  Marine x2  
  199  11:31  Marine, Marauder x2  
  196  11:35  Marine x2  
  196  11:36  Marauder  
  180  11:42  Medivac x2  
  180  11:44  Marine x2, Marauder  
  163  11:48  Marine  
  163  11:51  Widow Mine x2  
  163  11:52  Marine x3, Marauder x2  
  164  11:57  Marauder  
  164  11:58  Orbital Command  
  164  11:59  Marine  
  164  12:00  Marine  
  167  12:02  Marine x2  
  167  12:06  Marauder, Marine  
  168  12:09  Marine x2  
  168  12:11  Marine  
  168  12:12  Medivac x2  
  168  12:13  Widow Mine  
  168  12:14  Marauder x2  
  169  12:16  Marine  
  169  12:18  Marine, Marauder  
  169  12:20  Marine x2  
  163  12:24  Marine  
  163  12:27  Marauder  
Show
View Real Time Build Order
Export as new Build Order

Reynor Zerg - Winner!

Build Orders: Hatch First, Lurkers 

Get SALT Encoding   

  12  0:00  Drone  
  13  0:08  Drone  
  13  0:14  Extractor, Drone  
  15  0:21  Overlord  
  15  0:40  Drone  
  16  0:45  Hatchery  
  16  0:48  Drone  
  16  0:52  Drone  
  16  0:55  Drone  
  18  1:06  Extractor  
  18  1:10  Spawning Pool  
  16  1:14  Drone  
  16  1:17  Drone  
  18  1:26  Drone  
  19  1:37  Drone  
  20  1:48  Drone  
  21  1:57  Queen x2  
  21  1:58  Zergling x4  
  27  2:09  Overlord  
  27  2:10  Drone  
  28  2:20  Hatchery  
  28  2:22  Drone  
  28  2:28  Drone  
  29  2:30  Drone  
  29  2:31  Drone  
  31  2:39  Queen  
  31  2:43  Overlord  
  33  2:46  Drone  
  33  2:50  Drone  
  35  2:52  Drone  
  35  2:55  Metabolic Boost  
  36  3:02  Queen  
  38  3:06  Overlord  
  38  3:09  Drone  
  38  3:10  Drone  
  38  3:12  Drone  
  41  3:14  Drone  
  41  3:16  Drone  
  43  3:20  Zergling x2  
  43  3:24  Queen  
  46  3:27  Overlord  
  46  3:30  Drone  
  46  3:33  Drone  
  48  3:37  Queen  
  50  3:42  Drone x2  
  50  3:44  Drone  
  50  3:45  Zergling x2  
  54  3:49  Queen  
  54  3:53  Overlord  
  54  3:55  Drone  
  57  3:56  Drone  
  57  3:58  Drone  
  57  4:02  Drone x2  
  61  4:06  Queen  
  61  4:08  Drone  
  64  4:10  Drone  
  64  4:11  Drone  
  64  4:13  Drone  
  64  4:14  Drone  
  64  4:17  Overlord  
  68  4:19  Zergling x4  
  70  4:25  Queen  
  70  4:27  Overlord  
  70  4:29  Drone  
  70  4:30  Drone  
  74  4:36  Drone x4  
  74  4:37  Overlord  
  77  4:42  Drone x2  
  77  4:45  Extractor, Baneling Nest  
  77  4:53  Drone, Extractor  
  77  4:54  Drone  
  77  4:55  Lair  
  77  4:58  Drone x2  
  77  4:59  Drone  
  81  5:01  Hatchery  
  81  5:02  Zergling x6  
  81  5:04  Overlord  
  81  5:07  Overlord  
  83  5:08  Zergling x2  
  83  5:12  Zergling x2  
  85  5:14  Drone x2  
  85  5:16  Drone  
  85  5:18  Overlord  
  85  5:19  Drone x3  
  91  5:24  Drone  
  91  5:26  Drone  
  91  5:27  Evolution Chamber  
  92  5:28  Evolution Chamber  
  92  5:29  Drone  
  92  5:32  Extractor  
  92  5:34  Overlord  
  91  5:37  Drone  
  91  5:39  Drone  
  91  5:42  Extractor  
  92  5:44  Drone x3  
  92  5:47  Drone  
  92  5:49  Hatchery  
  95  5:50  Zergling x8  
  95  5:52  Zergling x2  
  95  5:54  Zergling x6  
  95  5:55  Zerg Ground Armor Level 1  
  103  5:57  Zerg Melee Weapons Level 1  
  103  5:59  Centrifugal Hooks  
  103  6:02  Zergling x6  
  106  6:10  Drone  
  107  6:11  Drone  
  107  6:12  Drone x2  
  107  6:13  Burrow  
  107  6:14  Drone  
  107  6:15  Drone x2  
  107  6:16  Drone x2  
  107  6:17  Zergling x2  
  116  6:22  Zergling x2  
  116  6:23  Overlord  
  116  6:24  Zergling x4  
  119  6:29  Baneling x6  
  119  6:30  Hydralisk Den  
  118  6:34  Zergling x4  
  118  6:35  Zergling x4  
  118  6:39  Extractor, Zergling x2  
  123  6:40  Zergling x4  
  123  6:43  Zergling x8  
  123  6:44  Baneling  
  123  6:45  Baneling x6  
  127  6:47  Zergling x12  
  127  6:48  Zergling x4  
  127  6:49  Overlord  
  135  6:57  Zergling x2  
  135  7:03  Drone x4  
  139  7:09  Zergling x6  
  139  7:10  Overlord  
  139  7:11  Overlord  
  139  7:12  Overlord x4, Grooved Spines  
  142  7:17  Hydralisk x2  
  142  7:18  Hydralisk x4  
  142  7:19  Zergling x4  
  153  7:27  Zergling x10  
  157  7:32  Baneling x8  
  157  7:34  Zergling x4  
  157  7:35  Zergling x4, Hatchery  
  160  7:38  Hydralisk  
  160  7:40  Hydralisk  
  160  7:41  Zergling x2  
  151  7:45  Zergling x4  
  151  7:46  Zergling x10  
  155  7:53  Zerg Ground Armor Level 2  
  155  7:55  Zergling x10  
  160  7:58  Extractor  
  160  8:00  Hydralisk  
  160  8:01  Hydralisk  
  160  8:04  Zergling x2  
  162  8:06  Zergling x4  
  162  8:08  Hydralisk  
  162  8:12  Hydralisk, Zergling x2  
  163  8:13  Zergling x2  
  163  8:14  Hydralisk  
  163  8:15  Zergling x2  
  163  8:18  Drone x2  
  163  8:19  Drone  
  170  8:20  Hydralisk x2  
  170  8:21  Zergling x4  
  170  8:22  Zergling x6  
  170  8:25  Hydralisk, Zergling x4  
  179  8:28  Baneling x4  
  179  8:32  Zergling x6  
  179  8:33  Zergling x4  
  181  8:37  Zerg Missile Weapons Level 1  
  181  8:39  Overseer  
  181  8:40  Zergling x6  
  184  8:44  Baneling x4  
  183  8:50  Zergling x16  
  183  8:53  Hydralisk  
  183  8:54  Zergling x4  
  181  8:56  Baneling x6  
  181  9:02  Muscular Augments  
  174  9:05  Hydralisk, Zergling x14  
  174  9:09  Zergling x4  
  184  9:10  Hydralisk, Zergling x2  
  184  9:11  Zergling x2  
  184  9:16  Baneling  
  184  9:17  Baneling x8  
  186  9:18  Zergling x14  
  192  9:25  Drone  
  192  9:26  Infestation Pit  
  192  9:27  Zergling x10  
  195  9:37  Zergling x14  
  199  9:39  Baneling x6  
  199  9:40  Baneling x7  
  198  9:49  Lurker Den  
  195  9:53  Zergling x8  
  195  9:54  Zergling x2  
  198  10:05  Hive  
  190  10:11  Zergling x20  
  200  10:17  Zerg Melee Weapons Level 2  
  169  10:43  Zergling x54  
  192  10:53  Lurker x8  
  192  10:55  Lurker  
  192  10:56  Lurker  
  199  10:58  Zergling x2  
  199  10:59  Zergling x6  
  197  11:08  Drone x2  
  199  11:32  Zergling x18  
  189  11:45  Zergling x42  
  189  11:46  Zergling x2  
  199  11:47  Seismic Spines  
  194  11:54  Zergling x10  
  198  12:06  Hydralisk  
  198  12:07  Zergling x22  
  198  12:08  Zergling x4  
  198  12:11  Overlord  
  190  12:16  Hydralisk, Zergling x8  
  190  12:21  Zergling x6  
  190  12:22  Zergling x2  
  199  12:25  Hydralisk  
  196  12:30  Zergling x4  
  196  12:33  Zergling x2  
  196  12:35  Lurker x3  
  188  12:46  Lurker x3  
Tags
 
Add a new tag
Caveats
  • Supply blocks, unpowered buildings, or Contaminate may cause inaccurate times.
  • Supply counts are checked every 10 seconds.